 Dungeon Crawl Stone Soup version 0.22-a0-533-g4d20840 (webtiles) character file.

34257 kae the Fencer (level 13, -4/129 HPs)
             Began as a Minotaur Fighter on June 22, 2018.
             Was a Priest of Qazlal.
             Slain by a spriggan rider
             ... wielding a +0 spear
              (20 damage)
             ... on level 6 of the Lair of Beasts.
             The game lasted 00:17:24 (17802 turns).

kae the Fencer (Minotaur Fighter)                  Turns: 17802, Time: 00:17:24

Health: -4/129     AC: 11    Str: 25    XL:     13   Next: 41%
Magic:  17/17      EV: 15    Int:  6    God:    Qazlal [***...]
Gold:   966        SH:  4    Dex: 10    Spells: 12/12 levels left

rFire    . . .     SeeInvis .   C - +2 great sword (slice)
rCold    + . .     Gourm    .   (shield currently unavailable)
rNeg     . . .     Faith    .   b - +1 scale mail
rPois    .         Spirit   .   (helmet unavailable)
rElec    .         Reflect  .   D - +0 cloak (curse)
rCorr    .         Harm     .   (no gloves)
MR       .....                  (no boots)
Stlth    ..........             i - amulet of the acrobat
HPRegen  0.31/turn              v - ring of flight
MPRegen  0.15/turn              A - ring of protection from cold

@: hasted, very quick
A: retaliatory headbutt, horns 3, blurry vision 1, robust 1
a: Upheaval, Elemental Force, Renounce Religion, Evoke Flight


You were on level 6 of the Lair of Beasts.
You worshipped Qazlal.
Qazlal was most pleased with you.
You were hungry.

You visited 3 branches of the dungeon, and saw 16 of its levels.
You also visited: Sewer.

You collected 966 gold pieces.

Inventory:

Hand Weapons
 a - a +0 long sword
 s - a +2 long sword of holy wrath
 C - a +2 great sword of slicing (weapon)
Armour
 b - a +1 scale mail (worn)
 D - a cursed +0 cloak (worn)
Jewellery
 i - an amulet of the acrobat (around neck)
 t - an uncursed ring of resist corrosion
 v - a ring of flight (left hand)
 A - a ring of protection from cold (right hand)
Wands
 k - a wand of flame (33)
 u - a wand of clouds (1)
 B - a wand of paralysis (7)
Scrolls
 e - 6 scrolls of teleportation
 g - 3 scrolls of enchant armour
 h - 5 scrolls of remove curse
 m - 3 scrolls of identify
 o - 2 scrolls of enchant weapon
 p - 3 scrolls of fog
 y - 2 scrolls of holy word
 z - 2 scrolls of fear
Potions
 d - a potion of invisibility
 j - 2 potions of magic
 l - a potion of curing
 q - 3 potions of flight
 w - 2 potions of heal wounds
 x - a potion of cancellation
Comestibles
 f - 21 rations


   Skills:
 + Level 12.1 Fighting
 * Level 15.8 Long Blades
 + Level 12.0 Armour
 + Level 10.6 Dodging
   Level 4.0 Shields
 + Level 7.9 Invocations


You had 12 spell levels left.
You didn't know any spells.
Your spell library contained the following spells:

 Spells                   Type           Power        Failure   Level  Hunger
 Bolt of Magma            Conj/Fire/Erth #.........   100%        5    ######.
 Confuse                  Hex            #.......     96%         3    ####...
 Venom Bolt               Conj/Pois      #.........   100%        5    ######.
 Iron Shot                Conj/Erth      #.........   100%        6    #######
 Confusing Touch          Hex            #.....       67%         1    ##.....
 Metabolic Englaciation   Hex/Ice        #.........   100%        5    ######.
 Petrify                  Tmut/Erth      #.......     100%        4    #####..
 Orb of Destruction       Conj           #.........   100%        7    #######
 Iskenderun's Battlesphe  Conj/Chrm      #.......     100%        5    ######.
 Spellforged Servitor     Conj/Summ      #.........   100%        7    #######
 Gell's Gravitas          Tloc           #.........   96%         3    ####...
 Yara's Violent Unravell  Hex/Tmut       #.........   100%        5    ######.


Dungeon Overview and Level Annotations

Branches:
Dungeon (9/15)             Temple (1/1) D:7            Lair (5/6) D:8
 Shoals (0/4) Lair:4       Spider (0/4) Lair:2
  Slime: Lair:5-6       Orc: D:9-12

Altars:
Ashenzari
Cheibriados
Dithmenos
Elyvilon
Fedhas
Gozag
Hepliaklqana
Kikubaaqudgha
Makhleb
Nemelex Xobeh
Okawaru
Qazlal
Ru
Sif Muna
Trog
Uskayaw
Vehumet
Wu Jian
Xom
Yredelemnul
Zin
The Shining One


Innate Abilities, Weirdness & Mutations

You reflexively headbutt those who attack you in melee.
You have a pair of large horns on your head.
Scrolls take you a little longer to read.
You are robust. (+10% HP)


Message History

Your headbutt misses the spriggan rider.
The spriggan rider is heavily wounded.
The spriggan rider hits you but does no damage.
You completely miss the spriggan rider.
Your headbutt misses the spriggan rider.
The spriggan rider is heavily wounded.
The spriggan rider hits you but does no damage.
You barely miss the spriggan rider.
Your headbutt misses the spriggan rider.
The spriggan rider is heavily wounded.
You slash the spriggan rider!
The spriggan rider is severely wounded.
The spriggan rider hits you with a spear!!
* * * LOW HITPOINT WARNING * * *
You miss the spriggan rider.
The spriggan rider is severely wounded.
You miss the spriggan rider.
The spriggan rider is severely wounded.
The spriggan rider hits you with a spear!!
You die...

........iii.....[.......†......
........##iP..#..##.#..#......P
.........###.###..###.####...#. .
..........######.###### ##..###..
.........#.# #ii..# ##..## ...
..........# ##i### #P..###.#.
.........## # #H#### ##...##..
.........###.###i##P## ##........
............##..@....###........<
.............................##..
#P.##...P#P.###....#P...#..####..
### #.#.###P# #..#.#..##.#.## ##.
##...# ## ##...##P###...# ##. .
##..##### #....#### ##.####..
.####...#...###..### #...##...
#..P#...P..#.....# ###........
.................######....#.##..


You could see a spriggan rider, a hippogriff and 3 spriggans.

Vanquished Creatures
  4 hydras
  3 two-headed ogres (D:9)
  A catoblepas (Lair:6)
  12 elephants
  Joseph (D:7)
  4 black mambas
  8 spiny frogs
  2 rime drakes
  7 komodo dragons
  2 merfolk (Lair:4)
  A queen bee (D:9)
  2 hornets (Lair:6)
  3 blink frogs (Lair:1)
  9 hippogriffs
  A dream sheep (Lair:6)
  Sigmund (D:6)
  3 spriggans (Lair:6)
  2 wyverns
  20 yaks
  Eustachio (D:6)
  Grum (D:9)
  Duvessa (D:4)
  9 water moccasins
  10 porcupines
  7 orc warriors
  A sky beast (D:5)
  9 ice beasts
  3 black bears
  A phantom (D:5)
  4 ogres
  22 wolves
  4 centaurs
  2 boggarts (Lair:6)
  9 crocodiles
  A big kobold (D:8)
  16 bullfrogs
  Blork the orc (D:5)
  Dowan (D:4)
  3 scorpions
  A water moccasin skeleton (D:7)
  27 killer bees
  3 howler monkeys
  5 wights (D:9)
  4 crimson imps
  Crazy Yiuf (D:7)
  2 bullfrog skeletons
  5 hounds
  2 bullfrog zombies
  2 jellies
  11 orc wizards
  A centaur skeleton (D:4)
  4 orc priests
  3 iguanas
  Natasha (twice) (D:4)
  2 worker ants (D:5)
  2 hound skeletons
  4 gnolls (D:3)
  8 adders
  A howler monkey skeleton (D:8)
  A shadow imp (D:9)
  An ooze (D:4)
  An adder zombie (D:7)
  3 adder skeletons
  A worm (D:5)
  A dart slug (D:2)
  10 leopard geckos
  32 orcs
  17 giant cockroaches
  7 hobgoblins
  6 jackals
  2 quokkas
  7 ball pythons
  4 bats
  10 frilled lizards
  5 goblins
  10 kobolds
  2 quokka skeletons
  A quokka zombie (D:8)
  10 rats
  A plant (Lair:4)
414 creatures vanquished.

Vanquished Creatures (others)
  Snorg (Lair:5)
  25 fungi
  7 plants
33 creatures vanquished.

Grand Total: 447 creatures vanquished

Notes
Turn   | Place    | Note
-------+----------+-------------------------------------------
     0 | D:1      | kae the Minotaur Fighter began the quest for the Orb.
     0 | D:1      | Reached XP level 1. HP: 19/19 MP: 0/0
    83 | D:1      | Reached XP level 2. HP: 24/27 MP: 1/1
   194 | D:1      | Reached skill level 3 in Long Blades
   310 | D:1      | Reached skill level 1 in Dodging
   645 | D:2      | Reached XP level 3. HP: 31/33 MP: 2/2
   942 | D:2      | Found a shattered altar of Ashenzari.
  1477 | D:3      | Reached skill level 4 in Long Blades
  1477 | D:3      | Reached XP level 4. HP: 4/41 MP: 3/3
  1699 | D:3      | Reached XP level 5. HP: 16/47 MP: 4/4
  2057 | D:3      | Found a blossoming altar of Fedhas.
  2058 | D:3      | Found a hide-covered altar of Uskayaw.
  2197 | D:3      | Found a glowing drain.
  2213 | Sewer    | Entered a sewer
  2397 | Sewer    | Reached skill level 5 in Long Blades
  2397 | Sewer    | Reached XP level 6. HP: 55/55 MP: 5/5
  2401 | Sewer    | Reached skill level 5 in Fighting
  2401 | Sewer    | Reached skill level 5 in Armour
  2832 | D:4      | Noticed Natasha
  2832 | D:4      | Noticed Dowan
  2832 | D:4      | Noticed Duvessa
  3043 | D:4      | Reached skill level 6 in Long Blades
  3054 | D:4      | Reached XP level 7. HP: 46/61 MP: 6/6
  3241 | D:4      | Found a white marble altar of Elyvilon.
  3241 | D:4      | Found a glowing golden altar of the Shining One.
  3242 | D:4      | Found a glowing silver altar of Zin.
  3561 | D:4      | Killed Duvessa
  3562 | D:4      | Killed Natasha
  3584 | D:4      | Killed Dowan
  3810 | D:4      | Noticed Natasha
  3817 | D:4      | Killed Natasha
  3972 | D:5      | Entered Level 5 of the Dungeon
  3972 | D:5      | Noticed Blork the orc
  3986 | D:5      | Killed Blork the orc
  4182 | D:5      | Reached skill level 7 in Long Blades
  4196 | D:5      | Reached XP level 8. HP: 20/70 MP: 7/7
  4737 | D:5      | Reached skill level 8 in Long Blades
  4771 | D:5      | Reached skill level 5 in Dodging
  5197 | D:5      | Found an opulent altar of Gozag.
  5807 | D:6      | Noticed Sigmund
  6036 | D:6      | Reached skill level 9 in Long Blades
  6043 | D:6      | Killed Sigmund
  6043 | D:6      | Reached XP level 9. HP: 58/79 MP: 8/8
  6052 | D:6      | Noticed Eustachio
  6704 | D:6      | Killed Eustachio
  7358 | D:7      | Reached skill level 10 in Long Blades
  7434 | D:7      | Found an ornate altar of the Wu Jian Council.
  7435 | D:7      | Found an iron altar of Okawaru.
  7446 | D:7      | Found a radiant altar of Vehumet.
  7446 | D:7      | Found a sacrificial altar of Ru.
  7446 | D:7      | Found a stormy altar of Qazlal.
  7455 | D:7      | Became a worshipper of Qazlal Stormbringer
  7560 | D:7      | Noticed Joseph
  7571 | D:7      | Killed Joseph
  7571 | D:7      | Reached skill level 1 in Invocations
  7739 | D:7      | Found a staircase to the Ecumenical Temple.
  7755 | Temple   | Entered the Ecumenical Temple
  8383 | D:7      | Reached * piety under Qazlal
  8383 | D:7      | Reached XP level 10. HP: 38/90 MP: 10/10
  8718 | D:7      | Found a runed door.
  8722 | D:7      | Noticed Crazy Yiuf
  8727 | D:7      | Killed Crazy Yiuf
  8772 | D:8      | Reached skill level 11 in Long Blades
  9099 | D:8      | Found a basalt altar of Yredelemnul.
  9497 | D:8      | Found a staircase to the Lair.
  9544 | D:8      | Reached ** piety under Qazlal
  9680 | D:9      | Found a burning altar of Makhleb.
  9681 | D:9      | Noticed a two-headed ogre
  9687 | D:9      | Killed a two-headed ogre
  9914 | D:9      | Noticed a two-headed ogre
  9915 | D:9      | Reached skill level 12 in Long Blades
  9919 | D:9      | Gained mutation: You have a pair of large horns on your head. [potion of mutation]
  9919 | D:9      | Gained mutation: Scrolls take you a little longer to read. [potion of mutation]
  9919 | D:9      | Gained mutation: You are robust. (+10% HP) [potion of mutation]
  9932 | D:9      | Killed a two-headed ogre
 10496 | D:9      | Reached XP level 11. HP: 106/106 MP: 13/13
 10517 | D:9      | Reached *** piety under Qazlal
 10624 | D:9      | Found a shimmering altar of Xom.
 10629 | D:9      | Noticed a two-headed ogre
 10642 | D:9      | Killed a two-headed ogre
 10860 | D:9      | Noticed Grum
 10889 | D:9      | Killed Grum
 11200 | Lair:1   | Entered Level 1 of the Lair of Beasts
 11315 | Lair:1   | Reached skill level 10 in Fighting
 11334 | Lair:1   | Reached skill level 13 in Long Blades
 11519 | Lair:1   | Reached skill level 10 in Armour
 11523 | Lair:1   | Reached skill level 5 in Invocations
 11582 | Lair:1   | HP: 5/108 [poisoned by a black mamba]
 11588 | Lair:1   | HP: 3/108 [poisoned by a black mamba]
 11595 | Lair:1   | HP: 2/108 [poisoned by a black mamba]
 11602 | Lair:1   | HP: 2/108 [poisoned by a black mamba]
 11610 | Lair:1   | HP: 2/108 [poisoned by a black mamba]
 12994 | Lair:2   | Reached **** piety under Qazlal
 13293 | Lair:2   | Found a hole to the Spider Nest.
 14045 | Lair:3   | Reached XP level 12. HP: 87/118 MP: 15/15
 14054 | Lair:3   | Reached skill level 14 in Long Blades
 14943 | Lair:4   | Noticed an eight-headed hydra
 14949 | Lair:4   | Killed an eight-headed hydra
 15563 | Lair:4   | Noticed a four-headed hydra
 15567 | Lair:4   | Killed a four-headed hydra
 15709 | Lair:4   | Found a staircase to the Shoals.
 15974 | Lair:5   | Noticed an eight-headed hydra
 15979 | Lair:4   | Identified a scroll of acquirement
 16067 | Lair:5   | Killed Snorg
 16511 | Lair:5   | You fall through a shaft!
 16511 | Lair:6   | Entered Level 6 of the Lair of Beasts
 16633 | Lair:6   | Noticed a catoblepas
 16639 | Lair:6   | Killed a catoblepas
 16639 | Lair:6   | Reached skill level 10 in Dodging
 16647 | Lair:6   | Reached skill level 15 in Long Blades
 16725 | Lair:6   | Noticed a seven-headed hydra
 16736 | Lair:6   | Killed a seven-headed hydra
 16932 | Lair:6   | Reached XP level 13. HP: 116/128 MP: 17/17
 17802 | Lair:6   | Slain by a spriggan rider

Vault maps used:
D:1:      minmay_arrival_hallway
D:2:      nicolae_ashenzari_panopticon
D:3:      gammafunk_temple_overflow_statue, cheibrodos_sewer_entry_sluice
D:4:      good_gods_mini_temple, uniq_natasha, uniq_duvessa
D:5:      first_ration, nicolae_gozag_seed_capital, uniq_blork_the_orc
D:6:      uniq_sigmund, uniq_eustachio
D:7:      grunt_temple_overflow_open, temple_green, uniq_joseph,
          uniq_crazy_yiuf_cottage
D:8:      grunt_lair_entry_orc_guard_hut, basic_altar
D:9:      xom_teletrap_fun, marbit_many_paths, david_nohive_1, uniq_grum
Temple:   dpeg_three_leaves_temple
Lair:1:   minmay_holes
Lair:2:   spider_nest_entry_funnel_web
Lair:3:   st_stairs_12, eino_small_chamber_without_monster
Lair:4:   elwin_shoals_entry_rooms, lemuel_fruit_tree
Lair:5:   nicolae_slime_entry_slimehenge, uniq_snorg
Lair:6:   minmay_lair_end_enchanted_forest, portal_ice_cave_entry_ice_beasts,
          minmay_lair_oklob_items
Sewer:    sewer_frog_island_01

Skill      XL: |  1  2  3  4  5  6  7  8  9 10 11 12 13 |
---------------+----------------------------------------+-----
Long Blades    | 3 4 5 6 7 9 10 12 13 15 | 15.8
Dodging        | 1 2 3 4 5 6 7 9 10 | 10.6
Armour         | 4 5 6 7 8 9 10 11 12 | 12.0
Fighting       | 4 5 6 7 8 9 10 11 12 | 12.1
Shields        | 4 |  4.0
Invocations    | 2 4 5 7 |  7.9

Action                   |  1- 3 |  4- 6 |  7- 9 | 10-12 | 13-15 || total
-------------------------+-------+-------+-------+-------+-------++-------
Melee: Long sword        |    92 |   133 |   294 |   536 |       ||  1055
       Headbutt          |     9 |    27 |    53 |   130 |    24 ||   243
       Great sword       |       |       |       |    64 |   139 ||   203
Invok: Upheaval          |       |       |       |    10 |     4 ||    14
Evoke: Wand              |       |       |       |     4 |     1 ||     5
  Use: Scroll            |     1 |     2 |     7 |    10 |     3 ||    23
       Potion            |     1 |     2 |     5 |     2 |     1 ||    11
 Stab: Invisible         |       |       |     1 |       |       ||     1
       Confused          |       |       |       |     4 |       ||     4
  Eat: Chunk             |     1 |     6 |    13 |    25 |     2 ||    47
       Ration            |       |       |     1 |     1 |       ||     2
Armor: Scale mail        |    45 |    66 |    89 |   100 |    62 ||   362
       Skin              |       |       |       |    21 |       ||    21
Dodge: Dodged            |    30 |    50 |   201 |   286 |    98 ||   665
Block: Shield            |    36 |    45 |       |       |       ||    81
       Buckler           |       |     6 |    58 |   179 |       ||   243
       Other             |       |       |       |     6 |    32 ||    38
       Rpst.: Long sword |    10 |    15 |    47 |    51 |       ||   123
       Great sword       |       |       |       |    10 |    20 ||    30

Table legend:
 A = Spawn XP
 B = Non-spawn XP
 C = Spawn XP percentage of total XP
 D = Spawn monster count
 E = Non-spawn monster count
 F = Spawn count percentage of total count
 G = Total turns spent on level
                    A         B        C        D         E        F      G
               +---------+---------+-------+---------+---------+-------+---------
         Total |       0 |   48939 |   0.0 |       0 |     413 |   0.0 | 17802
               +---------+---------+-------+---------+---------+-------+---------
           D:1 |       0 |      36 |   0.0 |       0 |      24 |   0.0 |   600
           D:2 |       0 |      48 |   0.0 |       0 |      12 |   0.0 |   848
           D:3 |       0 |     176 |   0.0 |       0 |      28 |   0.0 |   947
           D:4 |       0 |     567 |   0.0 |       0 |      19 |   0.0 |  1138
           D:5 |       0 |    1229 |   0.0 |       0 |      25 |   0.0 |  2265
           D:6 |       0 |    1464 |   0.0 |       0 |      22 |   0.0 |  1106
           D:7 |       0 |    1836 |   0.0 |       0 |      31 |   0.0 |  1313
           D:8 |       0 |    1666 |   0.0 |       0 |      32 |   0.0 |   883
           D:9 |       0 |    6537 |   0.0 |       0 |      61 |   0.0 |  1576
        Lair:1 |       0 |    4611 |   0.0 |       0 |      19 |   0.0 |  1680
        Lair:2 |       0 |    1371 |   0.0 |       0 |       8 |   0.0 |   740
        Lair:3 |       0 |    5122 |   0.0 |       0 |      21 |   0.0 |  1073
        Lair:4 |       0 |    6170 |   0.0 |       0 |      18 |   0.0 |  1767
        Lair:5 |       0 |    1035 |   0.0 |       0 |       4 |   0.0 |    51
        Lair:6 |       0 |   16835 |   0.0 |       0 |      68 |   0.0 |  1291
         Sewer |       0 |     236 |   0.0 |       0 |      21 |   0.0 |   439
               +---------+---------+-------+---------+---------+-------+---------
